 Dungeon Crawl Stone Soup version 0.20-a0-739-g6bb112f (webtiles) character file.

3320 esteth the Destroyer (level 9, -3/45 HPs)
             Began as a Deep Elf Conjurer on Feb 24, 2017.
             Was a Believer of Vehumet.
             Slain by an orc warrior
             ... wielding a +0 hand axe
              (16 damage)
             ... on level 7 of the Dungeon on Feb 25, 2017.
             The game lasted 00:30:09 (7826 turns).

esteth the Destroyer (Deep Elf Conjurer)            Turns: 7826, Time: 00:30:10

Health: -3/45      AC:  5    Str:  5    XL:     9   Next: 71%
Magic:  1/26       EV: 16    Int: 27    God:    Vehumet [**....]
Gold:   227        SH:  0    Dex: 17    Spells: 21/30 levels left

rFire    . . .     SeeInvis .   (no weapon)
rCold    + . .     Gourm    .   u - +2 robe of the Realm of Zot {MR+ Int+3}
rNeg     . . .     Faith    .   (no shield)
rPois    +         Spirit   .   (helmet restricted)
rElec    .         Reflect  .   f - +0 cloak
rCorr    .         Harm     .   (no gloves)
MR       ++...                  (no boots)
Stlth    +++.......             (no amulet)
Regen    0.2/turn               p - ring of wizardry
MPRegen  0.2/turn               l - ring of poison resistance

@: no status effects
A: antennae 1, thin skeletal structure 1, cold resistance 1, magic resistance 1
a: Renounce Religion


You were on level 7 of the Dungeon.
You worshipped Vehumet.
Vehumet was pleased with you.
You were not hungry.

You visited 1 branch of the dungeon, and saw 7 of its levels.
You also visited: Sewer.

You collected 227 gold pieces.

Inventory:

Armour
 a - a +0 robe
 d - a +0 helmet
 f - a +0 cloak (worn)
 u - the +2 robe of the Realm of Zot (worn) {MR+ Int+3}
   (You found it on level 7 of the Dungeon)

   It affects your intelligence (+3).
   It affects your resistance to hostile enchantments.
Jewellery
 l - a ring of poison resistance (left hand)
 p - a ring of wizardry (right hand)
 y - a +4 ring of intelligence {unknown}
Scrolls
 e - a scroll of amnesia
 g - 2 scrolls of remove curse
 i - 7 scrolls of identify
 n - a scroll of recharging
 v - 4 scrolls of enchant weapon
 x - a scroll of teleportation
Potions
 h - a potion of ambrosia
 o - 2 potions of cancellation
 q - 3 potions of flight
 r - 3 potions of curing
 s - 2 potions of might
 t - a potion of haste
 z - a potion of heal wounds
Books
 b - a book of Conjurations

   Spells                             Type                      Level
   a - Magic Dart                     Conjuration                  1
   b - Searing Ray                    Conjuration                  2
   c - Dazzling Spray                 Conjuration/Hexes            3
   d - Fulminant Prism                Conjuration/Hexes            4
   e - Force Lance                    Conjuration/Translocation    4
   f - Iskenderun's Mystic Blast      Conjuration                  4
Comestibles
 c - a bread ration
 j - 7 fruits
 k - 3 meat rations
 m - 2 royal jellies


   Skills:
 - Level 5.5 Dodging
 - Level 2.4 Stealth
 - Level 11.1 Spellcasting
 + Level 11.7 Conjurations
 - Level 0.6 Hexes


You had 21 spell levels left.
You knew the following spells:

 Your Spells              Type           Power        Failure   Level  Hunger
a - Magic Dart            Conj           ####         1%          1    None
b - Iskenderun's Mystic   Conj           ######..     1%          4    None
c - Fulminant Prism       Conj/Hex       #####.....   1%          4    None


Dungeon Overview and Level Annotations

Branches:
Dungeon (7/15)             Temple (0/1) D:5

Altars:
Cheibriados
Dithmenos
Fedhas
Kikubaaqudgha
Qazlal
Ru
Trog
Vehumet

Shops:
D:5 %}**   D:6 [

Annotations:
D:5 Sigmund


Innate Abilities, Weirdness & Mutations

You have a pair of small antennae on your head.
You have a somewhat thin skeletal structure. (Dex +2, Stealth)
Your flesh is cold resistant. (rC+)
You are resistant to hostile enchantments. (MR+)


Message History

Aiming: Magic Dart
Press: ? - help, Shift-Dir - straight line, f - fulminant prism
Aim: a fulminant prism (friendly)
The magic dart hits the orc warrior.
The orc warrior is severely wounded.
The orc warrior closely misses you.
Your fulminant prism crackles loudly.
Casting: Magic Dart
Confirm with . or Enter, or press ? or * to list all spells.
Aiming: Magic Dart
Press: ? - help, Shift-Dir - straight line, f - orc warrior, p - fulminant prism
Aim: an orc warrior, wielding a hand axe and wearing a plate armour (severely wounded)
The magic dart hits the orc warrior.
The orc warrior is severely wounded.
The orc hits your fulminant prism with a dagger.
The orc wizard mumbles some strange words.
The orc wizard flickers and vanishes!
Deactivating autopickup; reactivate with Ctrl-A.
The orc warrior hits you with a hand axe!
You die...

###
##########################.#
............o*{o@..........#
##########################.#
#.# #####.## #......#
#.....(#
##########......#####
..............(......
.....................


You could see an orc warrior, an orc and a friendly fulminant prism.

Vanquished Creatures
  Prince Ribbit (D:6)
  Grinder (D:4)
  Duvessa (D:6)
  A water moccasin (D:7)
  Purgy (Sewer)
  2 black bears (D:6)
  A necrophage (D:6)
  2 phantoms
  2 centaurs
  2 big kobolds (D:7)
  4 bullfrogs
  Dowan (D:6)
  3 killer bees (D:7)
  10 wights (D:6)
  4 howler monkeys
  2 centaur zombies (D:6)
  A bullfrog zombie (D:6)
  4 orc priests
  3 hounds
  An iguana (D:6)
  Ijyb (D:3)
  7 orc wizards
  2 worker ants
  5 gnolls
  A river rat (D:4)
  14 adders
  A shadow imp (D:5)
  An ooze (D:1)
  An adder zombie (D:6)
  3 adder skeletons
  7 worms
  3 dart slugs (D:3)
  A leopard gecko (D:7)
  7 orcs
  9 giant cockroaches
  3 goblins
  5 hobgoblins
  10 jackals
  10 kobolds
  3 quokkas
  2 ball pythons (Sewer)
  9 bats
  5 frilled lizards
  A jackal skeleton (D:4)
  A leopard gecko skeleton (D:4)
  A leopard gecko zombie (D:6)
  6 rats
166 creatures vanquished.

Vanquished Creatures (others)
  A human (D:7)
  21 fulminant prisms
22 creatures vanquished.

Grand Total: 188 creatures vanquished

Notes
Turn   | Place    | Note
-------+----------+-------------------------------------------
     0 | D:1      | esteth the Deep Elf Conjurer began the quest for the Orb.
     0 | D:1      | Reached XP level 1. HP: 10/10 MP: 6/6
   114 | D:1      | Gained mutation: You occasionally shout uncontrollably at your foes. [potion of mutation]
   114 | D:1      | Gained mutation: You have sharp toenails. [potion of mutation]
   420 | D:1      | Reached XP level 2. HP: 15/15 MP: 5/8
   470 | D:1      | Reached skill level 5 in Conjurations
  1029 | D:2      | Found a stormy altar of Qazlal.
  1034 | D:2      | Reached XP level 3. HP: 17/19 MP: 4/9
  1079 | D:2      | Found a blossoming altar of Fedhas.
  1154 | D:2      | Found a sacrificial altar of Ru.
  1748 | D:3      | Reached XP level 4. HP: 24/24 MP: 4/10
  1799 | D:3      | Learned a level 4 spell: Iskenderun's Mystic Blast
  1804 | D:3      | Learned a level 4 spell: Fulminant Prism
  2237 | D:3      | Reached XP level 5. HP: 28/28 MP: 5/11
  2680 | D:3      | Found a shadowy altar of Dithmenos.
  2726 | D:3      | Noticed Ijyb
  2733 | D:3      | Killed Ijyb
  2865 | D:3      | Found an ancient bone altar of Kikubaaqudgha.
  2872 | D:3      | Reached XP level 6. HP: 32/32 MP: 6/12
  3249 | D:4      | Found a radiant altar of Vehumet.
  3259 | D:4      | Became a worshipper of Vehumet
  3521 | D:4      | Found a glowing drain.
  3525 | Sewer    | Entered a sewer
  3548 | Sewer    | Noticed Purgy
  3563 | Sewer    | Killed Purgy
  3563 | Sewer    | Reached skill level 5 in Spellcasting
  4061 | D:4      | Noticed Grinder
  4069 | D:4      | Killed Grinder
  4069 | D:4      | Reached XP level 7. HP: 36/36 MP: 8/19
  4327 | D:5      | Entered Level 5 of the Dungeon
  4422 | D:5      | Found Becomoy's Food Boutique.
  4637 | D:5      | Noticed Sigmund
  4762 | D:5      | Found a staircase to the Ecumenical Temple.
  4774 | D:5      | Found Bacweyra's Assorted Antiques.
  4935 | D:5      | Found Faacza's General Store.
  4940 | D:5      | Found Eplethay's Gadget Shop.
  5223 | D:6      | Noticed Duvessa
  5232 | D:6      | Noticed Dowan
  5482 | D:6      | Noticed Prince Ribbit
  5489 | D:6      | Killed Prince Ribbit
  5489 | D:6      | Reached skill level 5 in Dodging
  5489 | D:6      | Reached XP level 8. HP: 11/41 MP: 7/20
  5740 | D:6      | Killed Dowan
  5740 | D:6      | Killed Duvessa
  5742 | D:6      | Reached * piety under Vehumet
  5742 | D:6      | Offered knowledge of Shock by Vehumet.
  5956 | D:6      | Lost mutation: You have sharp toenails. [potion of mutation]
  5956 | D:6      | Lost mutation: You occasionally shout uncontrollably at your foes. [potion of mutation]
  5956 | D:6      | Gained mutation: Your flesh is cold resistant. (rC+) [potion of mutation]
  5956 | D:6      | Gained mutation: You have a pair of small antennae on your head. [potion of mutation]
  5956 | D:6      | Gained mutation: You are resistant to hostile enchantments. (MR+) [potion of mutation]
  5956 | D:6      | Gained mutation: You have a somewhat thin skeletal structure. (Dex +2, Stealth) [potion of mutation]
  6330 | D:6      | Found Bot Omnu's Antique Armour Emporium.
  6404 | D:6      | Reached skill level 10 in Spellcasting
  6428 | D:6      | Reached XP level 9. HP: 5/45 MP: 0/25
  6706 | D:6      | Found a bloodstained altar of Trog.
  7003 | D:6      | Reached skill level 10 in Conjurations
  7107 | D:7      | Got a distressingly furry robe
  7108 | D:7      | Identified the +2 robe of the Realm of Zot {MR+ Int+3} (You found it on level 7 of the Dungeon)
  7156 | D:7      | Found an ancient bone altar of Kikubaaqudgha.
  7291 | D:7      | Reached ** piety under Vehumet
  7291 | D:7      | Offered knowledge of Throw Frost by Vehumet.
  7375 | D:7      | Found a snail-covered altar of Cheibriados.
  7826 | D:7      | Slain by an orc warrior

Vault maps used:
D:1:      evilmike_arrival_plus, minmay_misc_feat_pillars,
          minmay_misc_feat_ornament, serial_bayou_pond_d
D:2:      grunt_temple_overflow_forces_of_nature, lemuel_doored_altar,
          first_bread, minmay_misc_feat_doors, kennysheep_generic_room_8
D:3:      lemuel_round_altar, marbit_many_paths, uniq_iyjb
D:4:      nicolae_overflow_crystal_walls, gup_sewer_entry_bowl, uniq_grinder
D:5:      minmay_temple_entry_statues, serial_shops, shop_fountains,
          nicolae_shop_stone, shop, nicolae_shop_behind_doors, uniq_sigmund
D:6:      trog_ov_bears_minmay, gammafunk_temple_overflow_forgotten,
          serial_shops, nicolae_shop_window_shopping, uniq_prince_ribbit1,
          uniq_duvessa
D:7:      kennysheep_spiral_hall, cheibrodos_worm_habitat, enter_bailey_3,
          tgw_kikubaaqudgha
Sewer:    sewer_co_purgy_island

Skill      XL: |  1  2  3  4  5  6  7  8  9 |
---------------+----------------------------+-----
Conjurations   | 5 6 7 8 9 11 | 11.7
Spellcasting   | 7 10 11 | 11.1
Dodging        | 5 |  5.5
Stealth        | |  2.4
Hexes          | |  0.6

Action                   |  1- 3 |  4- 6 |  7- 9 || total
-------------------------+-------+-------+-------++-------
Melee: Unarmed           |     8 |    20 |    11 ||    39
       Kick              |       |     5 |       ||     5
 Cast: Magic Dart        |    73 |   113 |   191 ||   377
       Iskenderun's Myst |       |     9 |    42 ||    51
       Fulminant Prism   |       |     7 |    15 ||    22
  Use: Scroll            |     6 |     1 |     3 ||    10
       Potion            |     5 |     4 |     4 ||    13
  Eat: Chunk             |     2 |    10 |     9 ||    21
       Bread ration      |       |       |     1 ||     1
Armor: Robe              |     5 |     6 |     7 ||    18
Dodge: Dodged            |    20 |    34 |    66 ||   120
